 Dungeon Crawl Stone Soup version 0.27.1-1-g398f81649c (webtiles) character file.

Game seed: 5080092956357769751

59546 Tinkle the Severer (level 14, -8/202 HPs)
             Began as a Minotaur Berserker on Sept 8, 2021.
             Was a High Priest of Trog.
             Mangled by an orc warlord (26 damage)
             ... on level 2 of the Orcish Mines.
             The game lasted 01:39:58 (26587 turns).

Tinkle the Severer (Minotaur Berserker)            Turns: 26587, Time: 01:39:59

Health: -8/202     AC: 22    Str: 30    XL:     14   Next: 53%
Magic:  13/13      EV:  9    Int:  5    God:    Trog [*****.]
Gold:   1217       SH: 19    Dex:  8    Spells: 13/13 levels left

rFire    + . .     SeeInvis +   a - +6 war axe (venom)
rCold    + + .     Faith    .   s - +0 kite shield
rNeg     + + +     Spirit   .   T - +4 plate armour {rF+}
rPois    +         Reflect  +   (helmet restricted)
rElec    .         Harm     .   (no cloak)
rCorr    .         Rampage  .   O - +0 pair of gloves
Will     +++..                  c - +2 pair of boots
Stlth    ..........             x - amulet of the Countless Bounties {Reflect rPois rC++ rN+++ Dex-4 SH+5}
HPRegen  1.43/turn              K - +6 ring of strength
MPRegen  0.13/turn              S - ring of see invisible

@: berserking (expiring), strong-willed, regenerating, very quick
A: horns 2, retaliatory headbutt
a: Renounce Religion, Berserk, Trog's Hand, Brothers in Arms


You were on level 2 of the Orcish Mines.
You worshipped Trog.
Trog was extremely pleased with you.
You visited 4 branches of the dungeon, and saw 19 of its levels.
You also visited: Volcano.

You collected 1277 gold pieces.
You spent 60 gold pieces at shops.

Inventory:

Hand Weapons
 a - a +6 war axe of venom (weapon)
 b - a +2 broad axe of flaming
 F - a +1 vorpal broad axe
 P - the +10 glaive "Imp's Bane" {venom, +Blink}
   (You found it on level 2 of the Lair of Beasts)

   It poisons the flesh of those it strikes.
   +Blink:    It lets you blink.
Missiles
 h - 28 poisoned darts (quivered)
 y - a curare-tipped dart
 E - 7 atropa-tipped darts
Armour
 c - a +2 pair of boots (worn)
 j - the +0 robe "Turghug" {rF- Will++ rCorr}
   (You found it on level 4 of the Lair of Beasts)

   rF:        It makes you vulnerable to fire.
   rCorr:     It protects you from acid and corrosion.
   Will:      It greatly increases your willpower.
 s - a +0 kite shield (worn)
 I - +0 ice dragon scales
 M - a +0 tower shield
 O - a +0 pair of gloves (worn)
 T - a +4 plate armour of fire resistance (worn)
Jewellery
 m - a ring of poison resistance
 n - a ring of ice
 t - a +6 ring of strength
 v - a ring of flight
 x - the amulet of the Countless Bounties (around neck) {Reflect rPois rC++ rN+++ Dex-4 SH+5}
   (You acquired it on level 10 of the Dungeon)

   [amulet of reflection]

   It reflects blocked missile attacks.
   Dex:       It affects your dexterity (-4).
   rC:        It greatly protects you from cold.
   rPois:     It protects you from poison.
   rN:        It renders you almost immune to negative energy.
   SH:        It affects your SH (+5).
 K - a +6 ring of strength (left hand)
 S - a ring of see invisible (right hand)
Wands
 g - a wand of paralysis (16)
 k - a wand of mindburst (22)
 q - a wand of iceblast (39)
 u - a wand of flame (48)
 w - a wand of acid (26)
 J - a wand of polymorph (8)
Scrolls
 o - 2 scrolls of enchant weapon
 A - a scroll of acquirement
 C - a scroll of magic mapping
 G - 2 scrolls of immolation
 N - a scroll of identify
 Q - 2 scrolls of enchant armour
Potions
 d - a potion of heal wounds
 e - 4 potions of lignification
 f - 4 potions of resistance
 i - 3 potions of flight
 l - a potion of berserk rage
 p - 3 potions of invisibility
 z - 5 potions of haste
 B - a potion of curing
 D - 2 potions of attraction
 L - a potion of might {unknown}
 R - 2 potions of cancellation
Miscellaneous
 H - a condenser vane


   Skills:
 - Level 15.0 Fighting
 - Level 16.0 Axes
 - Level 5.0 Throwing
 - Level 8.0 Armour
 - Level 8.5 Dodging
 + Level 13.7 Shields
 - Level 7.6 Evocations


You had 13 spell levels left.
You didn't know any spells.
Your spell library contained the following spells:

 Spells                   Type           Power      Damage    Failure   Level
 Portal Projectile        Hex/Tloc       0%         N/A       100%        3
 Blade Hands              Tmut           0%         N/A       100%        5
 Excruciating Wounds      Necr           0%         N/A       100%        5


Dungeon Overview and Level Annotations

Branches:
Dungeon (10/15)            Temple (0/1) D:6            Lair (6/6) D:8
  Slime (1/5) Lair:5          Orc (2/2) D:9         Volcano (visited)
  Swamp: Lair:2-4    Shoals: Lair:2-4     Snake: Lair:2-4    Spider: Lair:2-4
    Elf: Orc:2

Altars:
Dithmenos
Elyvilon
Kikubaaqudgha
Qazlal
Sif Muna
Trog
Uskayaw
Vehumet
Xom
Yredelemnul
Zin
The Shining One

Shops:
D:8 !   Orc:2 =*[

Annotations:
D:6 1 transporter, qqq123's ghost, novice GrFi
D:8 2 transporters
Lair:4 exclusion: oklob plant
Orc:2 Donald


Innate Abilities, Weirdness & Mutations

You have a pair of horns on your head.
You reflexively headbutt those who attack you in melee.


Message History

The orc warlord hits you with a +0 battleaxe!!!
* * * LOW HITPOINT WARNING * * *
You closely miss the orc warlord. You hit the orc warrior.
You block the orc warlord's attack. You block the orc warrior's attack.
You hit the orc warlord. Your headbutt misses the orc warlord.
The orc warlord is lightly wounded.
You slash the orc warrior!
The orc warrior looks as sick as possible!
You hit the orc warrior.
The orc warrior is heavily wounded.
You hit the orc warlord.
The orc warlord is poisoned.
The orc warlord roars a battlecry!
The orc warrior goes into a battle-frenzy!
You block the orc warrior's attack.
An orc warrior comes into view. It is wielding a +0 halberd.
You slice the orc warrior!!
You kill the orc warrior!
Trog accepts your kill.
You hit the orc warlord. You slash the fungus!
The fungus begins to die.
The orc warlord closely misses you.
An orc sorcerer comes into view.
It is wielding a +0 dagger and wearing a +2 robe of willpower.
You block the ogre's attack.
Things that are here:
a +0 mace; a +0 chain mail You hit the ogre.
The ogre is poisoned.
You headbutt the ogre!!
The ogre is almost dead.
You hit the orc warlord but do no damage.
The orc warlord looks even sicker.
You slash the fungus!
The fungus looks as sick as possible!
You hit the orc warrior.
The orc warrior is poisoned.
You block the orc warrior's attack.
You hit the orc warlord.
The orc warlord looks as sick as possible!
Your headbutt misses the orc warlord.
The orc warlord is lightly wounded.
You hit the ogre.
The ogre looks as sick as possible!
You slash the orc warrior!
The orc warrior looks as sick as possible!
You slash the fungus!
The fungus looks as sick as possible!
The orc warlord hits you with a +0 battleaxe!!
You die...

..................#
...........∩........
#..............PP..
.......o...8.P...
..............#
#$.o.........#
#.#.....oP##
#......O@.#
##.#..##o##
#########


You could see an orc warlord (strong, extremely poisoned), an orc sorcerer
(strong), 2 orc warriors and an ogre (extremely poisoned).

Vanquished Creatures
  8 hydras
  A catoblepas (Lair:6)
  A two-headed ogre (D:8)
  A dancing weapon (Volcano)
  A deep troll shaman (Lair:6)
  12 death yaks
  3 lindwurms
  Pikel (D:5)
  An orc knight (Orc:2)
  4 wizards (Volcano)
  A cyclops (Orc:1)
  5 toenail golems (Volcano)
  2 black mambas
  27 elephants
  A gargoyle (D:10)
  A rime drake (Lair:6)
  9 cane toads
  3 kobold demonologists (D:10)
  8 komodo dragons
  2 trolls
  Prince Ribbit (D:8)
  5 polar bears
  A hornet (Lair:3)
  2 slime creatures (Lair:5)
  Grinder (D:5)
  4 blink frogs
  4 wyverns
  A shadow (D:10)
  44 yaks
  Eustachio (D:5)
  4 vampire mosquitoes (Lair:3)
  4 steam dragons
  Edmund (D:4)
  An acid dragon (D:9)
  Duvessa (D:6)
  2 hell hounds (Lair:5)
  16 water moccasins
  6 ice beasts
  2 sky beasts
  A swamp drake (D:9)
  13 orc warriors
  3 black bears
  A necrophage (D:6)
  2 ogres
  3 centaurs
  19 wolves
  A lemure (D:5)
  Blork the orc (D:4)
  4 kobold brigands
  16 bullfrogs
  4 scorpions
  Dowan (D:6)
  13 wights
  An electric eel (D:8)
  3 howler monkeys (D:9)
  6 jellies
  3 centaur zombies
  2 hounds
  14 orc priests
  A centaur skeleton (D:7)
  Ijyb (D:5)
  A gnoll shaman (D:8)
  A scorpion zombie (D:5)
  Natasha (thrice) (D:4)
  12 orc wizards
  5 hell rats (Lair:2)
  3 hound skeletons
  A howler monkey zombie (D:9)
  5 gnolls
  A howler monkey skeleton (D:5)
  8 adders
  A shadow imp (D:6)
  A white imp (D:7)
  An ufetubus (D:5)
  2 worms
  A dart slug (D:3)
  49 orcs
  5 endoplasms
  6 giant cockroaches
  6 goblins
  6 hobgoblins
  4 jackals (D:2)
  15 kobolds
  6 quokkas
  4 ball pythons
  6 bats
  3 frilled lizards
  A jackal skeleton (D:4)
  4 rats
467 creatures vanquished.

Vanquished Creatures (others)
  A wizard (Volcano)
  A bush (Lair:6)
  78 fungi
  104 plants
184 creatures vanquished.

Grand Total: 651 creatures vanquished

Notes
Turn   | Place    | Note
-------+----------+-------------------------------------------
     0 | D:1      | Tinkle the Minotaur Berserker began the quest for the Orb.
     0 | D:1      | Reached XP level 1. HP: 19/19 MP: 0/0
   417 | D:1      | Reached skill level 4 in Axes
   594 | D:1      | Reached XP level 2. HP: 25/27 MP: 1/1
   964 | D:1      | Found a faded altar of an unknown god.
  1131 | D:2      | Reached XP level 3. HP: 30/34 MP: 2/2
  1252 | D:2      | You fall into a shaft and drop 1 floor!
  1294 | D:3      | Found a stormy altar of Qazlal.
  1528 | D:2      | Reached ** piety under Trog
  1719 | D:2      | Reached skill level 5 in Fighting
  1719 | D:2      | Reached skill level 5 in Axes
  1719 | D:2      | Reached XP level 4. HP: 41/42 MP: 3/3
  2438 | D:3      | Found a glowing silver altar of Zin.
  2447 | D:3      | Found a white marble altar of Elyvilon.
  2981 | D:4      | Reached skill level 6 in Axes
  2981 | D:4      | Reached XP level 5. HP: 48/48 MP: 4/4
  2995 | D:4      | Noticed Natasha
  3003 | D:4      | Killed Natasha
  3179 | D:4      | Noticed Blork the orc
  3192 | D:4      | Killed Blork the orc
  3193 | D:4      | Reached skill level 7 in Axes
  3209 | D:4      | Noticed Natasha
  3215 | D:4      | Killed Natasha
  3216 | D:4      | Reached XP level 6. HP: 40/56 MP: 5/5
  3359 | D:4      | Noticed Natasha
  3362 | D:4      | Killed Natasha
  3362 | D:4      | Reached *** piety under Trog
  3394 | D:4      | Reached skill level 8 in Axes
  3542 | D:4      | Noticed Edmund
  3585 | D:4      | Killed Edmund
  3700 | D:4      | Reached skill level 9 in Axes
  3700 | D:4      | Reached XP level 7. HP: 61/61 MP: 6/6
  4211 | D:5      | Entered Level 5 of the Dungeon
  4380 | D:5      | Noticed Pikel
  4513 | D:5      | Killed Pikel
  4514 | D:5      | Reached skill level 11 in Axes
  4514 | D:5      | Reached XP level 8. HP: 36/68 MP: 7/7
  4933 | D:5      | Found a bloodstained altar of Trog.
  4989 | D:5      | Noticed Grinder
  5071 | D:5      | Killed Grinder
  5072 | D:5      | Reached skill level 12 in Axes
  5127 | D:5      | Noticed Ijyb
  5144 | D:5      | Killed Ijyb
  5424 | D:5      | Found a transporter.
  5626 | D:5      | Noticed Eustachio
  5635 | D:5      | Killed Eustachio
  5636 | D:5      | Reached skill level 13 in Axes
  5722 | D:5      | Found a shimmering blue altar of Sif Muna.
  5934 | D:5      | Found a transporter.
  6179 | D:6      | Reached XP level 9. HP: 70/74 MP: 8/8
  6187 | D:6      | Reached **** piety under Trog
  6285 | D:6      | Reached skill level 14 in Axes
  6720 | D:6      | Found a transporter.
  6721 | D:6      | Noticed qqq123's ghost (novice GrFi)
  6721 | D:6      | Identified the +9 dire flail "Cysaple" {protect, rElec rC-
                  | Int+3 Dex+3}
  6766 | D:6      | Found a staircase to the Ecumenical Temple.
  6835 | D:6      | Found a shadowy altar of Dithmenos.
  6950 | D:6      | Noticed Dowan
  6951 | D:6      | Noticed Duvessa
  6991 | D:6      | Killed Duvessa
  6994 | D:6      | Killed Dowan
  7158 | D:6      | Found a basalt altar of Yredelemnul.
  7169 | D:6      | Found a glowing golden altar of the Shining One.
  7176 | D:6      | Reached skill level 15 in Axes
  7176 | D:6      | Noticed an angel
  7693 | D:7      | Found a shimmering altar of Xom.
  7947 | D:8      | Reached skill level 16 in Axes
  7947 | D:8      | Reached ***** piety under Trog
  7948 | D:8      | Reached XP level 10. HP: 47/81 MP: 9/9
  9176 | D:8      | Found a staircase to the Lair.
  9181 | D:8      | Reached skill level 5 in Armour
  9258 | D:8      | Found a transporter.
  9274 | D:8      | Reached skill level 5 in Dodging
  9665 | D:8      | Found Qest's Distillery.
  9695 | D:8      | Found a transporter.
  9696 | D:8      | Bought a potion of curing for 45 gold pieces
  9696 | D:8      | Bought a potion of degeneration for 15 gold pieces
  9759 | D:8      | Noticed Prince Ribbit
  9759 | D:8      | Noticed a two-headed ogre
  9785 | D:8      | Killed Prince Ribbit
  9786 | D:8      | Reached skill level 1 in Evocations
  9870 | D:8      | Killed a two-headed ogre
  9951 | D:8      | Found a hide-covered altar of Uskayaw.
 10756 | D:9      | Found a radiant altar of Vehumet.
 11449 | D:9      | Found a staircase to the Orcish Mines.
 11475 | D:9      | Received a gift from Trog
 11907 | D:9      | Found an ancient bone altar of Kikubaaqudgha.
 12067 | D:9      | Reached XP level 11. HP: 18/94 MP: 10/10
 12683 | D:10     | Entered Level 10 of the Dungeon
 12848 | D:10     | Reached skill level 5 in Evocations
 13425 | D:10     | Reached skill level 10 in Fighting
 13699 | D:10     | Identified a scroll of acquirement
 13699 | D:10     | Acquired the amulet of the Countless Bounties {Reflect
                  | rPois rC++ rN+++ Dex-4 SH+5}
 13778 | Lair:1   | Entered Level 1 of the Lair of Beasts
 14722 | Lair:2   | Reached skill level 1 in Shields
 15034 | Lair:2   | Identified the +10 glaive "Imp's Bane" {venom, +Blink}
 15206 | Lair:2   | Noticed a seven-headed hydra
 15401 | Lair:1   | Killed a seven-headed hydra
 16112 | Lair:2   | Noticed a five-headed hydra
 16129 | Lair:2   | Killed a five-headed hydra
 16242 | Lair:2   | Reached XP level 12. HP: 67/112 MP: 11/11
 18302 | Lair:3   | Reached skill level 1 in Throwing
 18941 | Lair:4   | Identified the +0 robe "Turghug" {rF- Will++ rCorr}
 18996 | Lair:4   | You fall into a shaft and drop 2 floors!
 18996 | Lair:6   | Entered Level 6 of the Lair of Beasts
 19279 | Lair:5   | Found a dark tunnel.
 19359 | Volcano  | Entered a volcano
 19381 | Volcano  | Reached skill level 15 in Fighting
 19421 | Volcano  | Reached skill level 5 in Throwing
 19940 | Volcano  | Reached XP level 13. HP: 126/126 MP: 12/12
 20413 | Lair:5   | Found a staircase to the Slime Pits.
 22285 | Slime:1  | Entered Level 1 of the Pits of Slime
 22285 | Slime:1  | Noticed an acid blob
 22393 | Lair:6   | Reached skill level 5 in Shields
 23285 | Lair:6   | Identified the +1 robe of the Ego {Int+3 Dex+2}
 23682 | Lair:6   | Reached XP level 14. HP: 130/135 MP: 13/13
 23798 | Lair:6   | Reached skill level 10 in Shields
 24121 | Lair:6   | Received a gift from Trog
 25889 | Orc:1    | Entered Level 1 of the Orcish Mines
 26239 | Orc:2    | Entered Level 2 of the Orcish Mines
 26239 | Orc:2    | Found Tatuich's General Store.
 26544 | Orc:2    | Noticed Donald
 26547 | Orc:2    | Found Mudulid's Jewellery Boutique.
 26562 | Orc:2    | Found Gussoog's Antique Armour Shop.
 26563 | Orc:2    | Noticed an orc warlord
 26587 | Orc:2    | Mangled by an orc warlord

Illustrated notes

Levels and vault maps discovered:
D:1:      tarquinn_simple_flora_water_e, layout_basic,
          shapermc_ecumenical_altar_flowoftime
D:2:      layout_loops_ring, serial_bayou_crossing
D:3:      layout_basic, grunt_qazlal_clouds, mainiacjoe_overflow_swirl,
          solitary_fountain, solitary_fountain
D:4:      layout_basic, uniq_natasha, uniq_edmund, uniq_blork_the_orc
D:5:      gammafunk_cloud_chamber, layout_basic,
          mainiacjoe_overflow_surrounded_room, mainiacjoe_overflow_alcove_4,
          minivault_11, chequers_garden, serial_bayou_lagoon_a, chequers_avenue,
          uniq_ijyb, uniq_eustachio, uniq_grinder, uniq_pikel
D:6:      cheibrodos_steamvent, layout_basic, grunt_temple_overflow_holy_war,
          grunt_dithmenos_shadows, minmay_temple_entry_junction_2,
          gammafunk_ghost_smash, grunt_decor_cap, uniq_duvessa
D:7:      layout_gridville, mainiacjoe_overflow_catwalk
D:8:      gammafunk_wand_slinger, layout_basic, nicolae_uskayaw_suspiria,
          grunt_lair_entry_orc_guard_hut, serial_shops, nicolae_shop_trees,
          uniq_prince_ribbit1
D:9:      layout_loops_ring, nicolae_kikubaaqudgha_miasma_corner,
          vehumet_altar_wand_db, erik_orc_1
D:10:     layout_roguey, small_statue_alley_a
Lair:1:   layout_regular_city
Lair:2:   nzn_winding_woodlands_small [nzn_winding_woodlands_5x15_lazy_stream,
          nzn_winding_woodlands_center_diamonds,
          nzn_winding_woodlands_5x15_jagged], layout_loops_ring,
          lemuel_fruit_fields
Lair:3:   layout_misc_corridors, pond, lemuel_fruit_tree
Lair:4:   layout_gridlike, minmay_swamp_entry_worms,
          minmay_snake_entry_spellcaster, minivault_19
Lair:5:   layout_loops_ring, minmay_slime_entry_pillars, enter_volcano_3,
          grunt_forest_stairs_basic
Lair:6:   grunt_lair_end_beastmaster, layout_regular_city
Slime:1:  layout_caves
Orc:1:    cheibrodos_orc_bank, layout_caves
Orc:2:    grunt_orc_gardens, layout_caves, grunt_orc_garden, grunt_orc_garden,
          grunt_orc_garden, grunt_orc_garden, uniq_donald

Skill      XL: |  1  2  3  4  5  6  7  8  9 10 11 12 13 14 |
---------------+-------------------------------------------+-----
Fighting       | 4 5 8 11 15 | 15.0
Axes           | 4 5 6 7 9 11 13 16 | 16.0
Armour         | 5 8 |  8.0
Dodging        | 5 8 |  8.5
Evocations     | 4 5 7 |  7.6
Shields        | 4 9 13 | 13.7
Throwing       | 5 |  5.0

Action                   |  1- 3 |  4- 6 |  7- 9 | 10-12 | 13-15 || total
-------------------------+-------+-------+-------+-------+-------++-------
Melee: Hand axe          |    89 |    62 |       |       |       ||   151
       Headbutt          |    11 |    15 |    29 |   106 |   116 ||   277
       War axe           |       |    17 |   177 |   463 |   395 ||  1052
       Flail             |       |       |       |    14 |    28 ||    42
Throw: Dart              |       |     6 |    10 |    50 |    40 ||   106
Invok: Berserk           |       |     1 |     3 |     5 |     4 ||    13
       Trog's Hand       |       |       |     2 |     3 |     1 ||     6
Evoke: Wand              |       |       |       |     1 |       ||     1
  Use: Scroll            |     1 |     5 |     2 |    16 |     4 ||    28
       Potion            |       |       |       |       |     2 ||     2
Armor: Animal skin       |     7 |       |       |       |       ||     7
       Chain mail        |    10 |    29 |       |       |       ||    39
       Leather armour    |    10 |       |       |       |       ||    10
       Ring mail         |       |       |    48 |    24 |       ||    72
       Plate armour      |       |       |       |   160 |   258 ||   418
Dodge: Dodged            |    52 |    31 |    80 |   156 |   140 ||   459
Block: Buckler           |       |       |       |    88 |    51 ||   139
       Other             |       |       |       |     3 |       ||     3
       Kite shield       |       |       |       |       |   307 ||   307
       Reflection        |       |       |       |       |     3 ||     3
